 Dungeon Crawl Stone Soup version 0.26-a0-466-g989023bd0d (webtiles) character file.

Game seed: 257432143896390733

2812 gruber the Destroyer (level 9, -7/51 HPs)
             Began as an Octopode Conjurer on Aug 4, 2020.
             Was a Follower of Vehumet.
             Mangled by a two-headed ogre
             ... wielding a +0 giant club
              (20 damage)
             ... on level 7 of the Dungeon on Aug 5, 2020.
             The game lasted 00:12:25 (11138 turns).

gruber the Destroyer (Octopode Conjurer)           Turns: 11138, Time: 00:12:26

Health: -7/51      AC:  1    Str:  6    XL:     9   Next: 72%
Magic:  0/15       EV: 13    Int: 24    God:    Vehumet [*.....]
Gold:   442        SH:  0    Dex: 10    Spells: 8/16 levels left

rFire    . . .     SeeInvis +   (no weapon)
rCold    . . .     Faith    .   (no shield)
rNeg     + . .     Spirit   +   (helmet restricted)
rPois    .         Reflect  .   m - amulet of guardian spirit
rElec    .         Harm     .   j - ring of positive energy
rCorr    +                      q - ring of resist corrosion
MR       .....                  u - ring of see invisible
Stlth    ++++......             v - ring of wizardry
HPRegen  0.17/turn              (no ring)
MPRegen  0.14/turn              (no ring)
                                (no ring)
                                (no ring)

@: no status effects
A: almost no armour, stealthy swim, amphibious, 8 rings, constrict 8, camouflage
1, gelatinous body 1
a: Renounce Religion


You were on level 7 of the Dungeon.
You worshipped Vehumet.
Vehumet was aware of your devotion.
You visited 2 branches of the dungeon, and saw 9 of its levels.

You collected 442 gold pieces.

Inventory:

Jewellery
 j - a ring of positive energy (left tentacle)
 m - an amulet of guardian spirit (around mantle)
 q - a ring of resist corrosion (right tentacle)
 u - a ring of see invisible (on tentacle)
 v - a ring of wizardry (on tentacle)
Wands
 k - a wand of digging (5)
 n - a wand of clouds (11)
 t - a wand of random effects (18)
 w - a wand of flame (1)
Scrolls
 a - 4 scrolls of enchant weapon {unknown}
 d - 7 scrolls of identify {unknown}
 e - 5 scrolls of amnesia {unknown}
 f - 3 scrolls of fog {unknown}
 l - 6 scrolls of remove curse {unknown}
 o - 4 scrolls of immolation {unknown}
 p - a scroll of random uselessness {unknown}
 s - a scroll of noise {unknown}
 x - a scroll of magic mapping {unknown}
 y - 2 scrolls of teleportation {unknown}
Potions
 b - 5 potions of curing {unknown}
 c - 2 potions of heal wounds {unknown}
 g - 3 potions of haste {unknown}
 h - a potion of resistance {unknown}
 i - 3 potions of might {unknown}
 r - a potion of brilliance {unknown}
 z - a potion of degeneration {unknown}


   Skills:
 - Level 2.0 Dodging
 * Level 6.3 Stealth
 - Level 4.0 Spellcasting
 - Level 12.1 Conjurations


You had 8 spell levels left.
You knew the following spells:

 Your Spells              Type           Power        Failure   Level
a - Magic Dart            Conj           ####         1%          1
b - Searing Ray           Conj           ######       1%          2
c - Dazzling Flash        Conj/Hex       ####..       1%          3
d - Blink                 Tloc           N/A          6%          2

Your spell library contained the following spells:

 Spells                   Type           Power        Failure   Level
 Sandblast                Erth           #.....       4%          1
 Conjure Flame            Conj/Fire      ####....     1%          3
 Mephitic Cloud           Conj/Pois/Air  ###.....     2%          3
 Fulminant Prism          Conj/Hex       ####......   3%          4
 Iskenderun's Mystic Bla  Conj/Tloc      ####....     3%          4
 Beastly Appendage        Tmut           #.....       4%          1
 Call Imp                 Summ           #.......     6%          2
 Slow                     Hex            #.......     6%          2
 Wereblood                Tmut           #.......     6%          2
 Spider Form              Tmut/Pois      #.........   12%         3
 Ice Form                 Ice/Tmut       #.......     34%         4
 Blade Hands              Tmut           #.........   69%         5


Dungeon Overview and Level Annotations

Branches:
Dungeon (8/15)             Temple (1/1) D:5
   Lair: D:8-11

Altars:
Ashenzari
Cheibriados
Dithmenos
Elyvilon
Fedhas
Gozag
Hepliaklqana
Kikubaaqudgha
Makhleb
Nemelex Xobeh
Okawaru
Qazlal
Ru
Sif Muna
Trog
Uskayaw
Vehumet
Wu Jian
Xom
Zin
The Shining One


Innate Abilities, Weirdness & Mutations

You cannot wear most types of armour.
You are very stealthy in the water. (Stealth+)
You are amphibious.
You can wear up to eight rings at the same time.
You can use your tentacles to constrict eight enemies at once.
Your skin changes colour to match your surroundings (Stealth+).
Your rubbery body absorbs attacks. (AC +1, EV +1)


Message History

The puff of flame misses the two-headed ogre.
Unknown command.
Unknown command.
Evoke which item? (* to show all) (? for menu, Esc to quit)
Aiming: Random Effects
Press: ? - help, Shift-Dir - straight line, f/p - two-headed ogre
Aim: a two-headed ogre, wielding a +0 giant club and a +0 giant spiked club (moderately wounded, misshapen and mutated)
The two-headed ogre seems to speed up.
Unknown command.
Unknown command.
Casting: Blink (safe; 6% risk of failure)
Confirm with . or Enter, or press ? or * to list all spells.
You blink.
Casting: Blink (safe; 6% risk of failure)
Confirm with . or Enter, or press ? or * to list all spells.
You don't have enough magic to cast that spell.
The two-headed ogre hits you with a +0 giant club.
* * * LOW HITPOINT WARNING * * *
The two-headed ogre hits you with a +0 giant spiked club!!
You die...

.................................
..........##.....................
..........##.....................
.......................).........
###............#.................
###............#.................
.##............#........##.......
.##..........(.........)#........
.##.............@O.....)......###
.##...(..........[...............
..#........^.....#...............
..##.............#...............
..##.............#...............
..##.............#...##..........
..##.............#...##..........
..##.............#...##..........
..#######...(....#...##....######


You could see a two-headed ogre (fast, misshapen).

Vanquished Creatures
  A hippogriff (D:8)
  3 orc warriors
  2 ice beasts
  2 phantoms (D:6)
  2 black bears
  5 ogres
  A centaur (D:7)
  A big kobold (D:8)
  Blork the orc (D:7)
  3 bullfrogs
  A scorpion (D:4)
  A crimson imp (D:6)
  3 hounds
  A bullfrog skeleton (D:7)
  5 orc priests
  7 orc wizards
  4 iguanas
  A worker ant (D:4)
  A hound zombie (D:6)
  9 adders
  3 white imps
  An ufetubus (D:7)
  2 oozes
  3 adder skeletons
  An adder zombie (D:8)
  2 worms
  6 leopard geckos
  42 orcs
  2 giant cockroaches
  9 goblins
  11 hobgoblins
  3 jackals (D:1)
  18 kobolds
  4 quokkas
  2 ball pythons (D:1)
  9 bats
  9 frilled lizards
  A leopard gecko skeleton (D:4)
  A leopard gecko zombie (D:6)
  A quokka zombie (D:5)
  10 rats
194 creatures vanquished.

Notes
Turn   | Place    | Note
-------+----------+-------------------------------------------
     0 | D:1      | gruber the Octopode Conjurer began the quest for the Orb.
     0 | D:1      | Reached XP level 1. HP: 11/11 MP: 3/3
   393 | D:1      | Reached XP level 2. HP: 2/17 MP: 5/5
  1085 | D:1      | Reached XP level 3. HP: 18/21 MP: 0/6
  1854 | D:2      | Found an iron altar of Okawaru.
  1859 | D:2      | Reached skill level 5 in Conjurations
  2134 | D:2      | Found a sacrificial altar of Ru.
  2296 | D:2      | Learned a level 2 spell: Searing Ray
  2300 | D:2      | Learned a level 3 spell: Dazzling Flash
  2349 | D:2      | Reached XP level 4. HP: 9/27 MP: 0/7
  3033 | D:2      | Found a faded altar of an unknown god.
  3867 | D:3      | Reached XP level 5. HP: 31/31 MP: 3/9
  3874 | D:3      | Noticed an orc warrior
  4078 | D:3      | Reached skill level 6 in Conjurations
  4741 | D:3      | Killed an orc warrior
  4741 | D:3      | Reached XP level 6. HP: 9/36 MP: 2/10
  5438 | D:4      | Found a glowing golden altar of the Shining One.
  5697 | D:4      | Reached skill level 7 in Conjurations
  5775 | D:4      | Reached XP level 7. HP: 41/41 MP: 9/13
  5924 | D:4      | Found an ancient bone altar of Kikubaaqudgha.
  6653 | D:5      | Entered Level 5 of the Dungeon
  6755 | D:5      | Reached skill level 8 in Conjurations
  6928 | D:5      | Found a staircase to the Ecumenical Temple.
  6943 | Temple   | Entered the Ecumenical Temple
  7223 | D:5      | Reached XP level 8. HP: 46/46 MP: 9/14
  7458 | D:5      | Reached skill level 9 in Conjurations
  8309 | D:6      | Reached skill level 10 in Conjurations
  8448 | D:6      | Found an opulent altar of Gozag.
  9119 | D:6      | Found a burning altar of Makhleb.
  9182 | D:6      | Found a radiant altar of Vehumet.
  9189 | D:6      | Became a worshipper of Vehumet
  9401 | D:7      | Reached skill level 11 in Conjurations
  9406 | D:7      | Reached XP level 9. HP: 50/51 MP: 4/15
 10276 | D:7      | Reached * piety under Vehumet
 10276 | D:7      | Offered knowledge of Sandblast by Vehumet.
 10282 | D:7      | Reached skill level 12 in Conjurations
 10393 | D:7      | Noticed Blork the orc
 10399 | D:7      | Killed Blork the orc
 10436 | D:7      | Found a shimmering blue altar of Sif Muna.
 10609 | D:7      | Found a hazy altar of Hepliaklqana.
 10741 | D:8      | Learned a level 2 spell: Blink
 10787 | D:8      | Reached skill level 5 in Stealth
 11025 | D:8      | Noticed a two-headed ogre
 11138 | D:7      | Mangled by a two-headed ogre

Illustrated notes

Levels and vault maps discovered:
D:1:      minmay_arrival_shoal_huts, layout_basic,
          chequers_serial_rivers_small_a, minmay_vboxes
D:2:      layout_loops_corners, minitemple, chequers_ecumenical_altar_grove
D:3:      layout_loops_cross, minmay_misc_feat_more_columns, st_stairs_6,
          kennysheep_doodads, minmay_quantized
D:4:      layout_layer_cave, lemuel_doored_altar, overflow_temple_1_default,
          hangedman_feature_mirror
D:5:      layout_basic, minmay_temple_entry_hall
D:6:      layout_loops_ring, grunt_temple_overflow_lords_of_destruction,
          basic_altar
D:7:      layout_basic, tgw_sif, old_standard_altar
D:8:      layout_rooms, serial_bayou_pond_b, uniq_harold
Temple:   dshaligram_water_room_temple

Skill      XL: |  1  2  3  4  5  6  7  8  9 |
---------------+----------------------------+-----
Conjurations   | 5 6 7 8 11 12 | 12.1
Spellcasting   | 3 4 |  4.0
Stealth        | 6 |  6.3
Dodging        | |  2.0

Action                   |  1- 3 |  4- 6 |  7- 9 || total
-------------------------+-------+-------+-------++-------
Melee: Unarmed           |   107 |    61 |    15 ||   183
       Constrict         |    24 |    18 |     3 ||    45
       Tentacles         |    12 |     7 |       ||    19
 Cast: Magic Dart        |    40 |    30 |    13 ||    83
       Searing Ray       |       |    21 |    69 ||    90
       Blink             |       |       |     2 ||     2
Evoke: Wand              |       |       |     4 ||     4
 Stab: Sleeping          |     8 |     5 |       ||    13
Armor: Skin              |    11 |     4 |     1 ||    16
Dodge: Dodged            |    82 |    44 |    19 ||   145

Table legend: (Time is in decaauts)
 A = Elapsed time spent in this place.
 B = Non-inter-level travel time spent in this place.
 C = Inter-level travel time spent in this place.
 D = Time resting spent in this place.
 E = Time spent auto-exploring this place.
 F = Levels seen in this place.
 G = Mean time per level.
                   A        B        C        D        E       F      G
               +--------+--------+--------+--------+--------+-----+--------+
         Total |  11139 |  10843 |    296 |    491 |   8973 |   9 | 1237.7 |
       Dungeon |  10937 |  10651 |    286 |    491 |   8859 |   8 | 1367.1 |
        Temple |    201 |    192 |      9 |      0 |    114 |   1 |  201.0 |
               +--------+--------+--------+--------+--------+-----+--------+

Top non-repeatable levels by time:
     D:3: 1879 daAuts
     D:1: 1805 daAuts
     D:2: 1752 daAuts
     D:7: 1424 daAuts
     D:5: 1265 daAuts
     D:6: 1231 daAuts
     D:4: 1217 daAuts
     D:8: 361 daAuts
  Temple: 201 daAuts
